Flyers vs Lightning
Created - April 7, 2018 at 22:59
Goals
|
| Flyers |
1 |
1 |
1 |
3 |
| Lightning |
1 |
1 |
2 |
4 |
|
Shots
|
| Flyers |
5 |
17 |
1 |
23 |
| Lightning |
6 |
8 |
13 |
27 |
|
1st period
1. Lightning , Henrik Zetterberg 40 (Kris Versteeg 34, Robert Nilsson 49) at 6:23
2. Flyers , Drew Miller 17 (Brian McGrattan 17, Jonathan Ericsson 21) at 16:56
Penalties :
Henrik Zetterberg (TB.) for Roughing (Minor) at 7:50, Jeff Schultz (TB.) for Roughing (Minor) at 19:49
2nd period
3. Lightning , Sheldon Keefe 9 (Jordan Nolan 20) at 18:36
4. Flyers , Marcus Kruger 7 (Brian McGrattan 18, Drew Miller 25) at 19:38
Penalties :
J.T. Miller (Phi) for Hooking (Minor) at 8:18, Davis Drewiske (TB.) for Tripping (Minor) at 11:24
3rd period
5. Lightning , Robert Nilsson 36 (Henrik Zetterberg 63, Kris Versteeg 35) at 2:36 (PP)
6. Flyers , Chris Mcallister 16 (Jeff Carter 57, Jonathan Ericsson 22) at 19:03
7. Lightning , Jordan Nolan 12 (John Carlson 30, Loui Eriksson 6) at 19:39
Penalties :
Oliver Ekman-Larsson (Phi) for Holding Stick (Minor) at 1:07, Steve Mason (Phi) for Slashing (Double Minor) at 2:23 - Tom Poti served the penalty
Goalie Stats
Steve Mason (Phi), 23 saves from 27 shots - (0.852), L, 21-11-3, 59:43 minutes
Jaroslav Halak (TB.), 20 saves from 23 shots - (0.870), W, 27-30-8, 60:00 minutes
Players Stats for Flyers
Player Name G A P +/- PIM S H SB GA TA FO MP PP MP PK MP
------------------------------------------------------------------------------------
Brian McGrattan 0 2 2 1 0 2 1 0 0 0 0/0 11:47 0:00 0:12
Chris Mcallister 1 0 1 0 0 2 0 0 0 0 0/0 10:40 0:00 1:39
Dany Heatley 0 0 0 0 0 2 1 0 0 1 0/0 16:01 2:38 0:24
Drew Miller 1 1 2 1 0 1 5 0 0 0 0/0 14:34 0:00 3:47
J.T. Miller 0 0 0 -1 2 0 2 0 1 0 1/1 19:59 3:19 1:20
Jakub Voracek 0 0 0 0 0 4 2 1 0 0 0/0 15:20 2:38 0:00
Jaromir Jagr 0 0 0 0 0 1 1 0 0 0 2/2 18:32 3:19 0:00
Jeff Carter 0 1 1 0 0 2 4 0 1 0 7/19 20:20 3:19 1:15
Jeff Woywitka 0 0 0 1 0 0 3 2 1 3 0/0 26:42 3:49 4:25
Jonathan Ericsson 0 2 2 2 0 0 2 0 0 1 0/0 24:14 3:49 2:14
Kyle Wellwood 0 0 0 0 0 0 0 0 0 0 3/7 16:16 2:38 1:15
Marcus Kruger 1 0 1 1 0 4 0 0 0 0 7/21 15:34 0:00 3:46
Mats Zuccarello 0 0 0 -1 0 3 1 0 0 0 0/0 8:16 0:00 0:00
Matt Smaby 0 0 0 0 0 0 3 0 0 0 0/0 14:04 0:00 1:14
Matthew Lombardi 0 0 0 -1 0 1 0 0 0 0 2/4 6:19 0:00 1:00
Oliver Ekman-Larsson 0 0 0 -2 2 1 2 0 0 1 0/0 20:44 2:08 3:21
Randy Jones 0 0 0 0 0 0 0 0 0 0 0/0 13:28 0:00 0:23
Tom Poti 0 0 0 -1 0 0 0 3 0 1 0/0 19:41 2:08 2:28
Players Stats for Lightning
Player Name G A P +/- PIM S H SB GA TA FO MP PP MP PK MP
------------------------------------------------------------------------------------
Andy Rogers 0 0 0 -1 0 0 2 0 0 0 0/0 19:56 2:29 2:33
Brent Burns 0 0 0 2 0 1 1 1 1 1 0/0 24:20 4:13 3:24
Daniel Carcillo 0 0 0 -1 0 1 2 0 0 0 1/1 16:12 2:30 0:59
Davis Drewiske 0 0 0 -1 2 0 0 0 0 0 0/0 5:46 0:32 0:22
Henrik Zetterberg 1 1 2 1 2 8 1 0 2 0 4/7 23:49 3:50 2:23
Jeff Schultz 0 0 0 1 2 1 1 1 1 0 0/0 26:27 4:13 2:21
John Carlson 0 1 1 -1 0 1 1 1 1 1 0/0 19:07 2:29 2:23
Jordan Nolan 1 1 2 0 0 2 1 0 0 1 7/9 15:41 0:57 0:49
Justin Schultz 0 0 0 0 0 1 0 0 1 0 0/0 12:19 0:00 0:51
Kris Versteeg 0 2 2 0 0 2 1 1 1 0 0/1 20:03 3:50 1:39
Loui Eriksson 0 1 1 1 0 2 2 0 0 0 0/0 14:34 0:54 0:00
Pierre-Luc Létourneau 0 0 0 0 0 0 0 0 0 0 0/1 6:57 0:00 0:00
Pierre-Marc Bouchard 0 0 0 -1 0 2 2 0 0 0 5/7 17:35 2:30 1:39
Reilly Smith 0 0 0 0 0 0 1 0 0 0 0/0 7:42 0:51 0:00
Robert Nilsson 1 1 2 0 0 3 1 0 0 0 15/26 21:35 3:50 3:19
Sheldon Keefe 1 0 1 1 0 2 0 0 0 0 0/2 14:13 0:00 1:06
Steve Bernier 0 0 0 -1 0 1 0 0 0 0 0/0 15:24 2:30 0:00
Steve McCarthy 0 0 0 0 0 0 1 0 0 0 0/0 12:20 0:32 0:00
3 Stars
1 - Drew Miller (Phi)
2 - Jordan Nolan (TB.)
3 - Robert Nilsson (TB.)
Power Play
Flyers - 0 on 3 Attempt(s) - 0.00%
Lightning - 1 on 3 Attempt(s) - 33.33%
Penalty Kill
Flyers - 2 on 3 Attempt(s) - 66.67%
- Score 0 goal in Penalty Kill
Lightning - 3 on 3 Attempt(s) - 100.00%
- Score 0 goal in Penalty Kill
Team Stat
Flyers - Hits : 27 - Faceoff Wins : 22 - Blocked Shots : 6 - Penalty Minutes : 8
Lightning - Hits : 17 - Faceoff Wins : 32 - Blocked Shots : 4 - Penalty Minutes : 6
Official
Referees : Marouelli Dan and LaRue Dennis
Linesman : Shane Heyer and Jonny Murray
Game Notes
19:38 of 2nd period - Flyers goal is going for a video replay. After video review, Goal.
Matthew Lombardi is injured at 1:09 of 3rd period (Right Foot)
Finance
Level 1 -- Attendance: 3370 (56.17%) -- Ticket Income $387,550
Level 2 -- Attendance: 3779 (75.58%) -- Ticket Income $241,856
Level 3 -- Attendance: 1367 (68.35%) -- Ticket Income $60,148
Level 4 -- Attendance: 2090 (52.25%) -- Ticket Income $83,600
Luxury Box -- Attendance: 644 (64.40%) -- Ticket Income $138,460
Game was played at the Tampa Bay Stadium.
Total Attendance: 11250 (62.50%)
Total Ticket Income: $911,614
Other Income: $136,742
Total Income: $1,048,356
Flyers
5 vs 5 Forward
Center Left Wing Right Wing Time % Phy DF OF
1 Jeff Carter J.T. Miller Jaromir Jagr 40 1 1 3
2 Kyle Wellwood Dany Heatley Jakub Voracek 30 0 1 4
3 Marcus Kruger Drew Miller Brian McGrattan 20 0 2 3
4 Matthew Lombardi Chris Mcallister Mats Zuccarello 10 0 3 2
5 vs 5 Defense
Defense Defense Time % Phy DF OF
1 Jonathan Ericsson Jeff Woywitka 40 0 2 3
2 Tom Poti Oliver Ekman-Larsson 30 0 2 3
3 Randy Jones Matt Smaby 20 0 3 2
4 Oliver Ekman-Larsson Jeff Woywitka 10 0 2 3
PowerPlay Forward
Center Left Wing Right Wing Time % Phy DF OF
1 Jeff Carter J.T. Miller Jaromir Jagr 60 1 0 4
2 Kyle Wellwood Dany Heatley Jakub Voracek 40 0 0 5
PowerPlay Defense
Defense Defense Time % Phy DF OF
1 Jeff Woywitka Jonathan Ericsson 60 0 2 3
2 Tom Poti Oliver Ekman-Larsson 40 0 2 3
Penalty Kill 4 Players Forward
Center Wing Time % Phy DF OF
1 Matthew Lombardi Drew Miller 60 0 5 0
2 Kyle Wellwood Chris Mcallister 40 0 3 2
Penalty Kill 4 Players Defense
Defense Defense Time % Phy DF OF
1 Oliver Ekman-Larsson Tom Poti 60 0 5 0
2 Jeff Woywitka Jonathan Ericsson 40 0 5 0
Penalty Kill - 3 Players Forward
Forward Time % Phy DF OF
1 Matthew Lombardi 60 0 5 0
2 Kyle Wellwood 40 0 3 2
Penalty Kill - 3 Players Defense
Defense Defense Time % Phy DF OF
1 Oliver Ekman-Larsson Tom Poti 60 0 5 0
2 Jeff Woywitka Jonathan Ericsson 40 0 5 0
4 vs 4 Forward
Center Wing Time % Phy DF OF
1 Jeff Carter J.T. Miller 60 1 1 3
2 Kyle Wellwood Dany Heatley 40 0 1 4
4 vs 4 Defense
Defense Defense Time % Phy DF OF
1 Tom Poti Oliver Ekman-Larsson 60 0 3 2
2 Jonathan Ericsson Jeff Woywitka 40 0 3 2
Last Minutes Offensive
Center Left Wing Right Wing Defense Defense
Jeff Carter Dany Heatley Jaromir Jagr Jonathan Ericsson Jeff Woywitka
Last Minutes Defensive
Center Left Wing Right Wing Defense Defense
Matthew Lombardi Drew Miller Brian McGrattan Oliver Ekman-Larsson Jeff Woywitka
Goaltenders
Starting : Steve Mason
Backup : Cory Schneider
Extra Forwards
Normal : Jeff Carter, Dany Heatley, Jakub Voracek - PP : Jeff Carter, Dany Heatley - PK : Matthew Lombardi
Extra Defensemen
Normal : Oliver Ekman-Larsson, Jonathan Ericsson, Jeff Woywitka - PP : Jeff Woywitka - PK : Oliver Ekman-Larsson, Jeff Woywitka
Penalty Shots
Jeff Carter, Kyle Wellwood, Dany Heatley, Jaromir Jagr, Drew Miller
Scratches
None
Lightning
5 vs 5 Forward
Center Left Wing Right Wing Time % Phy DF OF
1 Robert Nilsson Henrik Zetterberg Kris Versteeg 40 1 2 2
2 Pierre-Marc Bouchard Daniel Carcillo Steve Bernier 30 1 2 2
3 Jordan Nolan Loui Eriksson Sheldon Keefe 20 1 2 2
4 Henrik Zetterberg Pierre-Luc Létourneau Reilly Smith 10 1 2 2
5 vs 5 Defense
Defense Defense Time % Phy DF OF
1 Jeff Schultz Brent Burns 40 1 2 2
2 John Carlson Andy Rogers 30 1 2 2
3 Steve McCarthy Justin Schultz 20 1 2 2
4 Davis Drewiske Jeff Schultz 10 1 2 2
PowerPlay Forward
Center Left Wing Right Wing Time % Phy DF OF
1 Robert Nilsson Henrik Zetterberg Kris Versteeg 60 1 2 2
2 Pierre-Marc Bouchard Daniel Carcillo Steve Bernier 40 1 2 2
PowerPlay Defense
Defense Defense Time % Phy DF OF
1 Jeff Schultz Brent Burns 60 1 2 2
2 John Carlson Andy Rogers 40 1 2 2
Penalty Kill 4 Players Forward
Center Wing Time % Phy DF OF
1 Henrik Zetterberg Robert Nilsson 60 1 2 2
2 Kris Versteeg Pierre-Marc Bouchard 40 1 2 2
Penalty Kill 4 Players Defense
Defense Defense Time % Phy DF OF
1 Jeff Schultz Brent Burns 60 1 2 2
2 John Carlson Andy Rogers 40 1 2 2
Penalty Kill - 3 Players Forward
Forward Time % Phy DF OF
1 Henrik Zetterberg 60 1 2 2
2 Robert Nilsson 40 1 2 2
Penalty Kill - 3 Players Defense
Defense Defense Time % Phy DF OF
1 Jeff Schultz Brent Burns 60 1 2 2
2 John Carlson Andy Rogers 40 1 2 2
4 vs 4 Forward
Center Wing Time % Phy DF OF
1 Henrik Zetterberg Robert Nilsson 60 1 2 2
2 Kris Versteeg Pierre-Marc Bouchard 40 1 2 2
4 vs 4 Defense
Defense Defense Time % Phy DF OF
1 Jeff Schultz Brent Burns 60 1 2 2
2 John Carlson Andy Rogers 40 1 2 2
Last Minutes Offensive
Center Left Wing Right Wing Defense Defense
Robert Nilsson Henrik Zetterberg Kris Versteeg Jeff Schultz Brent Burns
Last Minutes Defensive
Center Left Wing Right Wing Defense Defense
Robert Nilsson Henrik Zetterberg Kris Versteeg Jeff Schultz Brent Burns
Goaltenders
Starting : Jaroslav Halak
Backup : Adam Munro
Extra Forwards
Normal : Jordan Nolan, Loui Eriksson, Sheldon Keefe - PP : Jordan Nolan, Loui Eriksson - PK : Sheldon Keefe
Extra Defensemen
Normal : Steve McCarthy, Justin Schultz, Davis Drewiske - PP : Steve McCarthy - PK : Justin Schultz, Davis Drewiske
Penalty Shots
Henrik Zetterberg, Robert Nilsson, Kris Versteeg, Pierre-Marc Bouchard, Jordan Nolan
Scratches
Danny Richmond (Lacerated Left Calf Injury), Mikael Backlund (Abdominal Strain Injury)
% Time on Ice - Flyers
Lines # - Real PCT - Wanted PCT - Time Play
Normal Forward
1 - 32% - 40% - 14:39
2 - 28% - 30% - 12:45
3 - 23% - 20% - 10:32
4 - 18% - 10% - 8:16
Normal Defense
1 - 36% - 40% - 16:33
2 - 32% - 30% - 14:40
3 - 27% - 20% - 12:26
4 - 6% - 10% - 2:33
PP Forward
1 - 56% - 60% - 3:19
2 - 44% - 40% - 2:38
PP Defense
1 - 64% - 60% - 3:49
2 - 36% - 40% - 2:08
PK Forward
1 - 95% - 60% - 6:39
2 - 5% - 40% - 0:22
PK Defense
1 - 89% - 60% - 6:14
2 - 11% - 40% - 0:47
PK3 Forward
1 - 100% - 60% - 0:13
2 - 0% - 40% - 0:00
PK3 Defense
1 - 100% - 60% - 0:13
2 - 0% - 40% - 0:00
44 Forward
1 - 0% - 60%
2 - 0% - 40%
44 Defense
1 - 0% - 60%
2 - 0% - 40%
Last Minute Offensive - 0:37
Last Minute Defensive - 0:00
Total
Forward - 60:00
Defense - 60:00
|
% Time on Ice - Lightning
Lines # - Real PCT - Wanted PCT - Time Play
Normal Forward
1 - 29% - 40% - 13:30
2 - 30% - 30% - 14:02
3 - 26% - 20% - 11:57
4 - 15% - 10% - 6:44
Normal Defense
1 - 35% - 40% - 16:22
2 - 31% - 30% - 14:15
3 - 25% - 20% - 11:28
4 - 9% - 10% - 4:08
PP Forward
1 - 61% - 60% - 4:23
2 - 39% - 40% - 2:51
PP Defense
1 - 66% - 60% - 4:45
2 - 34% - 40% - 2:29
PK Forward
1 - 72% - 60% - 4:18
2 - 28% - 40% - 1:39
PK Defense
1 - 60% - 60% - 3:34
2 - 40% - 40% - 2:23
PK3 Forward
1 - 0% - 60%
2 - 0% - 40%
PK3 Defense
1 - 0% - 60%
2 - 0% - 40%
44 Forward
1 - 0% - 60%
2 - 0% - 40%
44 Defense
1 - 0% - 60%
2 - 0% - 40%
Last Minute Offensive - 0:00
Last Minute Defensive - 0:36
Total
Forward - 60:00
Defense - 60:00
|
Play by Play
1st period
0:01 of 1st period - Robert Nilsson wins face-off versus Jeff Carter in neutral zone.
0:56 of 1st period - Wrist shot by Marcus Kruger.
0:56 of 1st period - Shot Misses the Net.
0:58 of 1st period - Wrist shot by Brian McGrattan.
0:58 of 1st period - Deflect By Marcus Kruger.
0:58 of 1st period - Deflect By Loui Eriksson.
0:58 of 1st period - Stopped by Jaroslav Halak without a rebound.
0:59 of 1st period - Henrik Zetterberg wins face-off versus Matthew Lombardi in Lightning zone.
1:53 of 1st period - Off-side.
1:54 of 1st period - Marcus Kruger wins face-off versus Robert Nilsson in neutral zone.
2:21 of 1st period - Daniel Carcillo is hit by J.T. Miller and loses puck.
2:50 of 1st period - Henrik Zetterberg is hit by Jeff Woywitka and loses puck.
3:20 of 1st period - Andy Rogers is hit by Mats Zuccarello and loses puck.
3:45 of 1st period - Snap shot by Chris Mcallister.
3:45 of 1st period - Stopped by Jaroslav Halak without a rebound.
3:46 of 1st period - Jaromir Jagr wins face-off versus Robert Nilsson in Lightning zone.
4:03 of 1st period - Wrist shot by Jaromir Jagr.
4:03 of 1st period - Stopped by Jaroslav Halak with a rebound.
4:38 of 1st period - Off-side.
4:39 of 1st period - Henrik Zetterberg wins face-off versus Marcus Kruger in neutral zone.
5:08 of 1st period - Snap shot by Loui Eriksson.
5:08 of 1st period - Stopped by Steve Mason without a rebound.
5:09 of 1st period - Jeff Carter wins face-off versus Robert Nilsson in Flyers zone.
5:22 of 1st period - J.T. Miller is hit by Robert Nilsson.
5:36 of 1st period - Steve Bernier is hit by Dany Heatley.
6:23 of 1st period - Wrist shot by Henrik Zetterberg.
6:23 of 1st period - Goal by Henrik Zetterberg - Flyers : 0 - Lightning : 1.
6:24 of 1st period - Robert Nilsson wins face-off versus Jeff Carter in neutral zone.
6:38 of 1st period - Robert Nilsson is hit by Jeff Carter and loses puck.
7:00 of 1st period - Wrist shot by Pierre-Marc Bouchard.
7:00 of 1st period - Deflect By Kyle Wellwood.
7:00 of 1st period - Stopped by Steve Mason with a rebound.
7:50 of 1st period - Minor Penalty to Henrik Zetterberg for Roughing.
7:51 of 1st period - Jeff Carter wins face-off versus Sheldon Keefe in Lightning zone.
7:56 of 1st period - Wrist shot by Jeff Carter.
7:56 of 1st period - Shot Misses the Net.
7:58 of 1st period - Snap shot by Jaromir Jagr.
7:58 of 1st period - Shot Misses the Net.
8:00 of 1st period - Wrist shot by J.T. Miller.
8:00 of 1st period - Shot Misses the Net.
8:02 of 1st period - Wrist shot by Jaromir Jagr.
8:02 of 1st period - Shot Misses the Net.
8:18 of 1st period - Jeff Woywitka is hit by Jordan Nolan and loses puck.
9:39 of 1st period - Tom Poti is hit by Kris Versteeg and loses puck.
9:50 of 1st period - Penalty to Henrik Zetterberg is over, Henrik Zetterberg is back on ice.
10:16 of 1st period - Snap shot by Henrik Zetterberg.
10:16 of 1st period - Stopped by Steve Mason without a rebound.
10:17 of 1st period - Jordan Nolan wins face-off versus Marcus Kruger in Flyers zone.
11:13 of 1st period - Jeff Woywitka is hit by Steve McCarthy and loses puck.
12:44 of 1st period - John Carlson is hit by Jonathan Ericsson and loses puck.
13:33 of 1st period - Steve McCarthy is hit by Oliver Ekman-Larsson and loses puck.
14:36 of 1st period - Oliver Ekman-Larsson is hit by Loui Eriksson and loses puck.
14:49 of 1st period - Slapshot by Oliver Ekman-Larsson.
14:49 of 1st period - Shot Misses the Net.
14:51 of 1st period - Slapshot by Tom Poti.
14:51 of 1st period - Shot Misses the Net.
14:53 of 1st period - Slapshot by Oliver Ekman-Larsson.
14:53 of 1st period - Stopped by Jaroslav Halak with a rebound.
15:32 of 1st period - Pierre-Marc Bouchard is hit by Drew Miller and loses puck.
15:51 of 1st period - Justin Schultz is hit by Matt Smaby and loses puck.
16:56 of 1st period - Snap shot by Drew Miller.
16:56 of 1st period - Goal by Drew Miller - Flyers : 1 - Lightning : 1.
16:57 of 1st period - Robert Nilsson wins face-off versus Jeff Carter in neutral zone.
17:09 of 1st period - Off-side.
17:10 of 1st period - Robert Nilsson wins face-off versus Jeff Carter in neutral zone.
17:46 of 1st period - Snap shot by Drew Miller.
17:46 of 1st period - Deflect By Brian McGrattan.
17:46 of 1st period - Shot Misses the Net.
17:46 of 1st period - Puck is out of play.
17:47 of 1st period - Pierre-Marc Bouchard wins face-off versus Marcus Kruger in Lightning zone.
17:54 of 1st period - Snap shot by John Carlson.
17:54 of 1st period - Shot Misses the Net.
17:56 of 1st period - Slapshot by John Carlson.
17:56 of 1st period - Deflect By Drew Miller.
17:56 of 1st period - Stopped by Steve Mason with a rebound.
18:12 of 1st period - Brian McGrattan is hit by Loui Eriksson and loses puck.
18:21 of 1st period - Wrist shot by Sheldon Keefe.
18:21 of 1st period - Stopped by Steve Mason with a rebound.
18:33 of 1st period - Justin Schultz is hit by Jaromir Jagr.
18:39 of 1st period - Oliver Ekman-Larsson is hit by Reilly Smith and loses puck.
19:00 of 1st period - Off-side.
19:01 of 1st period - Kyle Wellwood wins face-off versus Kris Versteeg in neutral zone.
19:24 of 1st period - Jeff Schultz is hit by Jeff Carter and loses puck.
19:46 of 1st period - Matt Smaby is hit by Daniel Carcillo and loses puck.
19:49 of 1st period - Minor Penalty to Jeff Schultz for Roughing.
19:50 of 1st period - Kyle Wellwood wins face-off versus Henrik Zetterberg in Lightning zone.
Goals for this period are 1 for Flyers vs 1 for Lightning .
Shots for this period are 5 for Flyers vs 6 for Lightning .
2nd period
0:01 of 2nd period - Henrik Zetterberg wins face-off versus Jeff Carter in neutral zone.
0:04 of 2nd period - Wrist shot by Henrik Zetterberg.
0:04 of 2nd period - Shot Misses the Net.
0:17 of 2nd period - Wrist shot by Henrik Zetterberg.
0:17 of 2nd period - Shot Misses the Net.
1:46 of 2nd period - J.T. Miller is hit by Henrik Zetterberg and loses puck.
1:49 of 2nd period - Penalty to Jeff Schultz is over, Jeff Schultz is back on ice.
1:51 of 2nd period - Slapshot by Robert Nilsson.
1:51 of 2nd period - Shot Misses the Net.
1:53 of 2nd period - Wrist shot by Jeff Schultz.
1:53 of 2nd period - Deflect By Henrik Zetterberg.
1:53 of 2nd period - Shot Misses the Net.
1:53 of 2nd period - Puck is out of play.
1:54 of 2nd period - Pierre-Marc Bouchard wins face-off versus Marcus Kruger in Flyers zone.
1:55 of 2nd period - Slapshot by Justin Schultz.
1:55 of 2nd period - Deflect By Steve Bernier.
1:55 of 2nd period - Shot Misses the Net.
1:55 of 2nd period - Puck is out of play.
1:56 of 2nd period - Pierre-Marc Bouchard wins face-off versus Marcus Kruger in Flyers zone.
1:57 of 2nd period - Slapshot by Justin Schultz.
1:57 of 2nd period - Deflect By Pierre-Marc Bouchard.
1:57 of 2nd period - Shot Misses the Net.
1:57 of 2nd period - Puck is out of play.
1:58 of 2nd period - Marcus Kruger wins face-off versus Pierre-Marc Bouchard in Flyers zone.
2:31 of 2nd period - Slapshot by Robert Nilsson.
2:31 of 2nd period - Stopped by Steve Mason with a rebound.
2:33 of 2nd period - Slapshot by Justin Schultz.
2:33 of 2nd period - Shot Blocked by Tom Poti.
2:35 of 2nd period - Slapshot by Steve McCarthy.
2:35 of 2nd period - Deflect By Henrik Zetterberg.
2:35 of 2nd period - Stopped by Steve Mason with a rebound.
2:57 of 2nd period - Wrist shot by Jakub Voracek.
2:57 of 2nd period - Stopped by Jaroslav Halak without a rebound.
2:58 of 2nd period - Daniel Carcillo wins face-off versus Kyle Wellwood in Lightning zone.
3:55 of 2nd period - Snap shot by Jakub Voracek.
3:55 of 2nd period - Stopped by Jaroslav Halak with a rebound.
3:57 of 2nd period - Backhand shot by Matt Smaby.
3:57 of 2nd period - Deflect By Jakub Voracek.
3:57 of 2nd period - Shot Misses the Net.
3:57 of 2nd period - Puck is out of play.
3:58 of 2nd period - Jeff Carter wins face-off versus Robert Nilsson in Lightning zone.
4:34 of 2nd period - Slapshot by Matthew Lombardi.
4:34 of 2nd period - Deflect By Henrik Zetterberg.
4:34 of 2nd period - Shot Misses the Net.
4:34 of 2nd period - Puck is out of play.
4:35 of 2nd period - Pierre-Marc Bouchard wins face-off versus Jeff Carter in Lightning zone.
5:08 of 2nd period - Wrist shot by Jordan Nolan.
5:08 of 2nd period - Shot Misses the Net.
5:14 of 2nd period - Loui Eriksson is hit by Drew Miller and loses puck.
5:29 of 2nd period - Snap shot by Jakub Voracek.
5:29 of 2nd period - Stopped by Jaroslav Halak without a rebound.
5:30 of 2nd period - J.T. Miller wins face-off versus Robert Nilsson in Lightning zone.
5:37 of 2nd period - Slapshot by Jeff Carter.
5:37 of 2nd period - Deflect By Henrik Zetterberg.
5:37 of 2nd period - Shot Blocked by John Carlson.
5:37 of 2nd period - Puck is out of play.
5:38 of 2nd period - Robert Nilsson wins face-off versus Jeff Carter in Lightning zone.
5:53 of 2nd period - Wrist shot by Robert Nilsson.
5:53 of 2nd period - Shot Misses the Net.
6:17 of 2nd period - Wrist shot by Jeff Carter.
6:17 of 2nd period - Stopped by Jaroslav Halak without a rebound.
6:18 of 2nd period - Robert Nilsson wins face-off versus Kyle Wellwood in Lightning zone.
6:23 of 2nd period - Slapshot by Jeff Schultz.
6:23 of 2nd period - Deflect By Henrik Zetterberg.
6:23 of 2nd period - Stopped by Steve Mason without a rebound.
6:24 of 2nd period - Robert Nilsson wins face-off versus Kyle Wellwood in Flyers zone.
6:31 of 2nd period - Wrist shot by Jakub Voracek.
6:31 of 2nd period - Stopped by Jaroslav Halak without a rebound.
6:32 of 2nd period - Robert Nilsson wins face-off versus Jeff Carter in Lightning zone.
6:59 of 2nd period - Pierre-Marc Bouchard is hit by Jakub Voracek and loses puck.
8:00 of 2nd period - Slapshot by Matthew Lombardi.
8:00 of 2nd period - Shot Misses the Net.
8:04 of 2nd period - Slapshot by Matthew Lombardi.
8:04 of 2nd period - Stopped by Jaroslav Halak without a rebound.
8:05 of 2nd period - Robert Nilsson wins face-off versus Jeff Carter in Lightning zone.
8:05 of 2nd period - Robert Nilsson is hit by J.T. Miller.
8:11 of 2nd period - Slapshot by Brent Burns.
8:11 of 2nd period - Stopped by Steve Mason without a rebound.
8:12 of 2nd period - Jaromir Jagr wins face-off versus Robert Nilsson in Flyers zone.
8:18 of 2nd period - Minor Penalty to J.T. Miller for Hooking.
8:19 of 2nd period - Matthew Lombardi wins face-off versus Robert Nilsson in Flyers zone.
8:49 of 2nd period - Drew Miller is hit by Pierre-Marc Bouchard and loses puck.
9:00 of 2nd period - Kyle Wellwood is hit by Brent Burns.
10:18 of 2nd period - Penalty to J.T. Miller is over, J.T. Miller is back on ice.
10:50 of 2nd period - Snap shot by Jordan Nolan.
10:50 of 2nd period - Deflect By Jakub Voracek.
10:50 of 2nd period - Shot Blocked by Jakub Voracek.
10:50 of 2nd period - Puck is out of play.
10:51 of 2nd period - Jordan Nolan wins face-off versus Kyle Wellwood in Flyers zone.
11:12 of 2nd period - Matt Smaby is hit by Daniel Carcillo and loses puck.
11:24 of 2nd period - Minor Penalty to Davis Drewiske for Tripping.
11:25 of 2nd period - Henrik Zetterberg wins face-off versus Jeff Carter in Lightning zone.
11:39 of 2nd period - Snap shot by Jeff Carter.
11:39 of 2nd period - Shot Misses the Net.
11:41 of 2nd period - Snap shot by Jeff Carter.
11:41 of 2nd period - Stopped by Jaroslav Halak without a rebound.
11:42 of 2nd period - Jeff Carter wins face-off versus Henrik Zetterberg in Lightning zone.
11:45 of 2nd period - Wrist shot by Jeff Carter.
11:45 of 2nd period - Shot Misses the Net.
12:16 of 2nd period - Andy Rogers is hit by Jeff Woywitka and loses puck.
13:24 of 2nd period - Penalty to Davis Drewiske is over, Davis Drewiske is back on ice.
13:24 of 2nd period - Jeff Schultz is hit by Jeff Carter and loses puck.
13:57 of 2nd period - Snap shot by Mats Zuccarello.
13:57 of 2nd period - Stopped by Jaroslav Halak with a rebound.
14:03 of 2nd period - Jeff Schultz is hit by Matt Smaby and loses puck.
14:17 of 2nd period - Off-side.
14:18 of 2nd period - Kyle Wellwood wins face-off versus Pierre-Luc Létourneau in neutral zone.
15:25 of 2nd period - Snap shot by Robert Nilsson.
15:25 of 2nd period - Stopped by Steve Mason with a rebound.
16:48 of 2nd period - Snap shot by Matthew Lombardi.
16:48 of 2nd period - Shot Misses the Net.
16:52 of 2nd period - Wrist shot by Mats Zuccarello.
16:52 of 2nd period - Stopped by Jaroslav Halak without a rebound.
16:53 of 2nd period - Jordan Nolan wins face-off versus Matthew Lombardi in Lightning zone.
17:00 of 2nd period - Snap shot by Mats Zuccarello.
17:00 of 2nd period - Stopped by Jaroslav Halak with a rebound.
17:02 of 2nd period - Wrist shot by Chris Mcallister.
17:02 of 2nd period - Deflect By Mats Zuccarello.
17:02 of 2nd period - Shot Misses the Net.
17:02 of 2nd period - Puck is out of play.
17:03 of 2nd period - Jordan Nolan wins face-off versus Jeff Carter in Lightning zone.
17:19 of 2nd period - Snap shot by J.T. Miller.
17:19 of 2nd period - Shot Blocked by Brent Burns.
17:52 of 2nd period - Slapshot by Tom Poti.
17:52 of 2nd period - Shot Misses the Net.
17:54 of 2nd period - Snap shot by Brian McGrattan.
17:54 of 2nd period - Stopped by Jaroslav Halak with a rebound.
18:14 of 2nd period - Slapshot by Reilly Smith.
18:14 of 2nd period - Deflect By Henrik Zetterberg.
18:14 of 2nd period - Stopped by Steve Mason with a rebound.
18:16 of 2nd period - Slapshot by Justin Schultz.
18:16 of 2nd period - Stopped by Steve Mason with a rebound.
18:36 of 2nd period - Snap shot by Sheldon Keefe.
18:36 of 2nd period - Goal by Sheldon Keefe - Flyers : 1 - Lightning : 2.
18:37 of 2nd period - Jeff Carter wins face-off versus Robert Nilsson in neutral zone.
18:55 of 2nd period - Henrik Zetterberg is hit by Jeff Carter and loses puck.
19:14 of 2nd period - Snap shot by Dany Heatley.
19:14 of 2nd period - Stopped by Jaroslav Halak with a rebound.
19:16 of 2nd period - Backhand shot by Kyle Wellwood.
19:16 of 2nd period - Shot Blocked by Jeff Schultz.
19:18 of 2nd period - Slapshot by Dany Heatley.
19:18 of 2nd period - Stopped by Jaroslav Halak without a rebound.
19:19 of 2nd period - Marcus Kruger wins face-off versus Jordan Nolan in Lightning zone.
19:20 of 2nd period - Wrist shot by Drew Miller.
19:20 of 2nd period - Deflect By Marcus Kruger.
19:20 of 2nd period - Stopped by Jaroslav Halak without a rebound.
19:21 of 2nd period - Marcus Kruger wins face-off versus Jordan Nolan in Lightning zone.
19:24 of 2nd period - Snap shot by Marcus Kruger.
19:24 of 2nd period - Stopped by Jaroslav Halak without a rebound.
19:25 of 2nd period - Jordan Nolan wins face-off versus Marcus Kruger in Lightning zone.
19:36 of 2nd period - Wrist shot by Brian McGrattan.
19:36 of 2nd period - Stopped by Jaroslav Halak with a rebound.
19:38 of 2nd period - Snap shot by Marcus Kruger.
19:38 of 2nd period - Flyers goal is going for a video replay.
19:38 of 2nd period - The goal is good.
19:38 of 2nd period - Goal by Marcus Kruger - Flyers : 2 - Lightning : 2.
19:39 of 2nd period - Jeff Carter wins face-off versus Robert Nilsson in neutral zone.
Goals for this period are 1 for Flyers vs 1 for Lightning .
Shots for this period are 17 for Flyers vs 8 for Lightning .
3rd period
0:01 of 3rd period - Jeff Carter wins face-off versus Henrik Zetterberg in neutral zone.
0:26 of 3rd period - Daniel Carcillo is hit by Jakub Voracek and loses puck.
1:01 of 3rd period - Wrist shot by Jordan Nolan.
1:01 of 3rd period - Stopped by Steve Mason with a rebound.
1:07 of 3rd period - Minor Penalty to Oliver Ekman-Larsson for Holding Stick.
1:08 of 3rd period - Matthew Lombardi wins face-off versus Robert Nilsson in Flyers zone.
1:08 of 3rd period - Matthew Lombardi is hit by John Carlson.
1:09 of 3rd period - Matthew Lombardi from Flyers is injured at 1:09 of 3rd period (Right Foot).
1:10 of 3rd period - Robert Nilsson wins face-off versus Marcus Kruger in Flyers zone.
1:15 of 3rd period - Slapshot by Henrik Zetterberg.
1:15 of 3rd period - Shot Blocked by Tom Poti.
1:17 of 3rd period - Slapshot by Jeff Schultz.
1:17 of 3rd period - Stopped by Steve Mason with a rebound.
1:19 of 3rd period - Slapshot by Henrik Zetterberg.
1:19 of 3rd period - Deflect By Kris Versteeg.
1:19 of 3rd period - Shot Misses the Net.
1:19 of 3rd period - Puck is out of play.
1:20 of 3rd period - Robert Nilsson wins face-off versus Marcus Kruger in Flyers zone.
1:27 of 3rd period - Snap shot by Kris Versteeg.
1:27 of 3rd period - Shot Misses the Net.
1:29 of 3rd period - Snap shot by Kris Versteeg.
1:29 of 3rd period - Stopped by Steve Mason with a rebound.
1:41 of 3rd period - Snap shot by Henrik Zetterberg.
1:41 of 3rd period - Shot Misses the Net.
1:43 of 3rd period - Backhand shot by Henrik Zetterberg.
1:43 of 3rd period - Shot Misses the Net.
1:45 of 3rd period - Slapshot by Brent Burns.
1:45 of 3rd period - Shot Blocked by Tom Poti.
1:47 of 3rd period - Snap shot by Henrik Zetterberg.
1:47 of 3rd period - Stopped by Steve Mason without a rebound.
1:48 of 3rd period - Pierre-Marc Bouchard wins face-off versus Marcus Kruger in Flyers zone.
1:53 of 3rd period - Wrist shot by Daniel Carcillo.
1:53 of 3rd period - Stopped by Steve Mason without a rebound.
1:54 of 3rd period - Marcus Kruger wins face-off versus Pierre-Marc Bouchard in Flyers zone.
2:03 of 3rd period - Wrist shot by Steve Bernier.
2:03 of 3rd period - Shot Hit the Post.
2:05 of 3rd period - Backhand shot by Steve Bernier.
2:05 of 3rd period - Stopped by Steve Mason with a rebound.
2:07 of 3rd period - Snap shot by Pierre-Marc Bouchard.
2:07 of 3rd period - Stopped by Steve Mason with a rebound.
2:09 of 3rd period - Slapshot by John Carlson.
2:09 of 3rd period - Deflect By Daniel Carcillo.
2:09 of 3rd period - Shot Misses the Net.
2:09 of 3rd period - Puck is out of play.
2:10 of 3rd period - Robert Nilsson wins face-off versus Marcus Kruger in Flyers zone.
2:19 of 3rd period - Snap shot by Kris Versteeg.
2:19 of 3rd period - Stopped by Steve Mason without a rebound.
2:20 of 3rd period - Robert Nilsson wins face-off versus Marcus Kruger in Flyers zone.
2:21 of 3rd period - Snap shot by Henrik Zetterberg.
2:21 of 3rd period - Stopped by Steve Mason with a rebound.
2:23 of 3rd period - Wrist shot by Henrik Zetterberg.
2:23 of 3rd period - Stopped by Steve Mason without a rebound.
2:23 of 3rd period - Double Minor Penalty to Steve Mason for Slashing.
2:24 of 3rd period - Marcus Kruger wins face-off versus Robert Nilsson in Flyers zone.
2:34 of 3rd period - Snap shot by Henrik Zetterberg.
2:34 of 3rd period - Shot Blocked by Jeff Woywitka.
2:36 of 3rd period - Wrist shot by Robert Nilsson.
2:36 of 3rd period - Goal by Robert Nilsson - Flyers : 2 - Lightning : 3.
2:37 of 3rd period - Robert Nilsson wins face-off versus Marcus Kruger in neutral zone.
3:42 of 3rd period - Slapshot by Oliver Ekman-Larsson.
3:42 of 3rd period - Shot Blocked by Kris Versteeg.
4:21 of 3rd period - J.T. Miller is hit by Andy Rogers and loses puck.
5:19 of 3rd period - Kyle Wellwood is hit by Jeff Schultz and loses puck.
6:13 of 3rd period - Jordan Nolan is hit by Oliver Ekman-Larsson and loses puck.
6:23 of 3rd period - Penalty to Tom Poti is over, Tom Poti is back on ice.
6:34 of 3rd period - Slapshot by Jakub Voracek.
6:34 of 3rd period - Shot Misses the Net.
8:10 of 3rd period - Chris Mcallister is hit by Andy Rogers and loses puck.
9:38 of 3rd period - Steve McCarthy is hit by Drew Miller and loses puck.
11:07 of 3rd period - Reilly Smith is hit by Drew Miller and loses puck.
12:42 of 3rd period - J.T. Miller is hit by Pierre-Marc Bouchard and loses puck.
13:06 of 3rd period - Jeff Schultz is hit by Matt Smaby and loses puck.
13:57 of 3rd period - Sheldon Keefe is hit by Jonathan Ericsson and loses puck.
14:08 of 3rd period - Pierre-Luc Létourneau is hit by Drew Miller and loses puck.
15:06 of 3rd period - Robert Nilsson is hit by Jeff Woywitka and loses puck.
16:41 of 3rd period - Icing by John Carlson.
16:42 of 3rd period - Marcus Kruger wins face-off versus Sheldon Keefe in Lightning zone.
18:57 of 3rd period - Flyers, Steve Mason is pulled from the net.
19:03 of 3rd period - Wrist shot by Chris Mcallister.
19:03 of 3rd period - Goal by Chris Mcallister - Flyers : 3 - Lightning : 3.
19:03 of 3rd period - Steve Mason from Flyers was sent back in the game.
19:04 of 3rd period - Jordan Nolan wins face-off versus Marcus Kruger in neutral zone.
19:09 of 3rd period - Snap shot by Loui Eriksson.
19:09 of 3rd period - Stopped by Steve Mason without a rebound.
19:10 of 3rd period - Jordan Nolan wins face-off versus Marcus Kruger in Flyers zone.
19:23 of 3rd period - Loui Eriksson is hit by Brian McGrattan and loses puck.
19:37 of 3rd period - Snap shot by Jordan Nolan.
19:37 of 3rd period - Shot Blocked by Jeff Woywitka.
19:39 of 3rd period - Wrist shot by Jordan Nolan.
19:39 of 3rd period - Goal by Jordan Nolan - Flyers : 3 - Lightning : 4.
19:40 of 3rd period - Robert Nilsson wins face-off versus Jeff Carter in neutral zone.
19:49 of 3rd period - Flyers, Steve Mason is pulled from the net.
Goals for this period are 1 for Flyers vs 2 for Lightning .
Shots for this period are 1 for Flyers vs 13 for Lightning .
Back to the Top